 Dungeon Crawl Stone Soup version 0.21.1-1-g345015f (webtiles) character file.

126 chunkynut the Cudgeler (level 4, -3/45 HPs)
             Began as a Troll Chaos Knight on Mar 17, 2018.
             Killed by divine providence
             ... invoked by an orc priest
              (15 damage)
             ... on level 3 of the Dungeon.
             The game lasted 00:11:23 (1972 turns).

chunkynut the Cudgeler (Troll Chaos Knight)         Turns: 1972, Time: 00:11:26

Health: -3/45      AC:  7    Str: 20    XL:     4   Next: 83%
Magic:  3/3        EV: 10    Int:  9    God:    Xom [...*..]
Gold:   125        SH:  0    Dex:  9    Spells: 3/3 levels left

rFire    . . .     SeeInvis .   a - +0 mace (chaos)
rCold    . . .     Gourm    +   (no shield)
rNeg     . . .     Faith    .   b - +2 robe
rPois    .         Spirit   .   (helmet restricted)
rElec    .         Reflect  .   (no cloak)
rCorr    .         Harm     .   (gloves unavailable)
MR       .....                  (boots unavailable)
Stlth    +.........             (no amulet)
HPRegen  0.55/turn              (no ring)
MPRegen  0.08/turn              (no ring)

@: lethally poisoned (-3 -> -4)
A: large, unfitting armour, claws 3, fast metabolism 3, gourmand, regeneration
1, shaggy fur 1, tough skin 2
a: Renounce Religion


You were on level 3 of the Dungeon.
You worshipped Xom.
You were a favourite toy of Xom.
You were very hungry.

You visited 1 branch of the dungeon, and saw 3 of its levels.

You collected 125 gold pieces.

Inventory:

Hand Weapons
 a - a +0 mace of chaos (weapon)
 e - a +0 club
Missiles
 h - 34 arrows
 i - 16 sling bullets
 m - 30 bolts
Armour
 b - a +2 robe (worn)
 f - a +0 pair of gloves
 g - a +0 ring mail
Jewellery
 k - a cursed ring of teleportation
 n - an uncursed ring of fire {unknown}
 o - an uncursed ring of see invisible {unknown}
 q - an uncursed amulet of rage
Scrolls
 d - 2 scrolls of magic mapping
 l - a scroll of remove curse
Potions
 r - a potion of lignification
Comestibles
 c - a ration


   Skills:
 + Level 3.0 Fighting
 + Level 4.1 Maces & Flails
 + Level 2.7 Dodging
 + Level 0.2 Stealth


You had 3 spell levels left.
You didn't know any spells.

Dungeon Overview and Level Annotations

Branches:
Dungeon (3/15)

Altars:
Vehumet
Xom

Annotations:
D:3 Solrac's ghost, amateur HOFi


Innate Abilities, Weirdness & Mutations

You are too large for most types of armour.
You have claws for hands.
Your metabolism is lightning-fast.
You like to eat raw meat.
Your natural rate of healing is unusually fast.
You are covered in fur. (AC +1)
You have very tough skin. (AC +2)


Message History

The worker ant closely misses you.
You barely miss Solrac's ghost. The worker ant bites you.
Solrac's ghost hits you!
The worker ant bites you but does no damage.
The orc priest calls down the wrath of Beogh upon you.
Beogh smites you!
You closely miss Solrac's ghost.
The worker ant changes into an adder!
Solrac's ghost hits you but does no damage.
Solrac's ghost closely misses you.
You barely miss Solrac's ghost. The adder bites you.
You are poisoned.
The adder poisons you! Solrac's ghost closely misses you.
You hit Solrac's ghost. You freeze Solrac's ghost.
Solrac's ghost is lightly damaged.
You feel sick. The adder bites you.
* * * LOW HITPOINT WARNING * * *
The orc priest mumbles some strange prayers to Beogh against you.
Beogh smites you!
You die...
Xom laughs nastily!

#.... ._.. .### #.#..
...# .... ..#.###.###..#
#.#..#...#...# .
#.#.........##..
#.#.##..#.....[.
#o........<.....
#.#######o##..<.........
#...!.W@So#############.
###########


g w You could see an orc priest, Solrac's ghost, an adder shaped shifter and an
orc.

Vanquished Creatures
  2 orc wizards (D:3)
  An adder (D:3)
  3 dart slugs
  2 leopard geckos
  2 orcs (D:3)
  2 giant cockroaches (D:1)
  8 goblins (D:1)
  6 hobgoblins
  6 jackals (D:1)
  A quokka (D:2)
  2 ball pythons (D:1)
  4 bats (D:1)
  2 frilled lizards
  3 kobolds
  2 rats (D:2)
46 creatures vanquished.

Notes
Turn   | Place    | Note
-------+----------+-------------------------------------------
     0 | D:1      | chunkynut the Troll Chaos Knight began the quest for the Orb.
     0 | D:1      | Reached XP level 1. HP: 22/22 MP: 0/0
    15 | D:1      | XOM: silly message
    47 | D:1      | Reached XP level 2. HP: 27/29 MP: 1/1
    51 | D:1      | Reached skill level 3 in Maces & Flails
   281 | D:1      | XOM: harmless Tloc miscast
   300 | D:1      | XOM: divination: detect creatures
   379 | D:1      | Reached XP level 3. HP: 34/36 MP: 2/2
   624 | D:1      | XOM: potion effect (haste)
   745 | D:1      | XOM: harmless Tloc miscast
  1291 | D:2      | XOM: scenery: create altars
  1863 | D:2      | XOM: 6-stop teleportation journey
  1913 | D:3      | Found a radiant altar of Vehumet.
  1936 | D:3      | XOM: potion effect (heal wounds)
  1944 | D:3      | Reached XP level 4. HP: 44/44 MP: 3/3
  1950 | D:3      | XOM: polymorph orc -> dart slug
  1958 | D:3      | XOM: potion effect (heal wounds)
  1959 | D:3      | Reached skill level 4 in Maces & Flails
  1964 | D:3      | Noticed Solrac's ghost (amateur HOFi)
  1965 | D:3      | XOM: divination: detect creatures
  1966 | D:3      | XOM: potion effect (curing)
  1972 | D:3      | Killed from afar by an orc priest

Skill      XL: |  1  2  3  4 |
---------------+-------------+-----
Dodging        | 2 |  2.7
Maces & Flails | 3 4 |  4.1
Fighting       | 3 |  3.0
Stealth        | |  0.2

Action                   |  1- 3 |  4- 6 || total
-------------------------+-------+-------++-------
Melee: Mace              |   133 |    28 ||   161
  Use: Scroll            |     5 |       ||     5
       Potion            |     3 |       ||     3
  Eat: Chunk             |     4 |       ||     4
       Ration            |     3 |       ||     3
Armor: Robe              |    90 |    15 ||   105
Dodge: Dodged            |   119 |    27 ||   146
